 Dungeon Crawl Stone Soup version 0.30-a0-939-gc8157cb160 (webtiles) character file.

Game seed: 11499641909997641797

105 cheesebisquit the Grave Robber (level 4, 0/24 HPs)
             Began as a Deep Elf Necromancer on Mar 25, 2023.
             Slain by an orc wizard
             ... wielding a +0 dagger
              (3 damage)
             ... on level 3 of the Dungeon.
             The game lasted 00:08:41 (1997 turns).

cheesebisquit the Grave Robber (DENe)               Turns: 1997, Time: 00:08:42

Health: 0/24       AC:  3    Str:  5    XL:     4   Next: 54%
Magic:  6/12       EV: 11    Int: 22    God:
Gold:   190        SH:  0    Dex: 15    Spells: 3/11 levels left

rFire   . . .      SeeInvis .    b - staff of death
rCold   . . .      Faith    .    (no shield)
rNeg    + . .      Spirit   .    j - +0 leather armour of Mairhor {rElec Regen+ Stlth+}
rPois   .          Reflect  .    (no helmet)
rElec   +          Rampage  .    (no cloak)
rCorr   .                        (no gloves)
Will    .....                    (no boots)
Stlth   +++                      (no amulet)
HPRegen 1.04/turn                (no ring)
MPRegen 0.13/turn                (no ring)

@: no status effects
A: no striking features
a: no special abilities


You were on level 3 of the Dungeon.
You visited 1 branch of the dungeon, and saw 3 of its levels.

You collected 190 gold pieces.

Inventory:

Hand Weapons
 a - a +0 sling
Missiles
 g - 6 javelins
 h - 6 poisoned darts
Armour
 j - the +0 leather armour of Mairhor (worn) {rElec Regen+ Stlth+}
   (You found it on level 2 of the Dungeon)

   rElec:     It insulates you from electricity.
   Regen:     It increases your rate of health regeneration.
   Stlth:     It makes you more stealthy.
Magical Staves
 b - a staff of death (weapon)
Scrolls
 d - a scroll of poison {unknown}
 i - 2 scrolls of blinking {unknown}
 k - 2 scrolls of identify {unknown}
 p - a scroll of fear {unknown}
Potions
 c - a potion of resistance {unknown}
 e - 2 potions of curing {unknown}
 f - a potion of heal wounds {unknown}
 l - 2 potions of degeneration {unknown}
 m - a potion of attraction {unknown}
 n - a potion of berserk rage {unknown}
 o - 2 potions of haste {unknown}
 q - 2 potions of magic


   Skills:
 + Level 0.1 Staves
 - Level 0.4 Ranged Weapons
 - Level 2.4 Dodging
 - Level 2.4 Stealth
 + Level 4.3 Spellcasting
 * Level 6.5 Necromancy
 + Level 0.0 Evocations


You had 3 spell levels left.
You knew the following spells:

 Your Spells              Type           Power      Damage    Failure   Level
a - Necrotise             Necr           100%       1d9       1%          1
b - Vampiric Draining     Necr           50%        2d9       3%          3
c - Animate Dead          Necr           50%        N/A       12%         4

Your spell library contained the following spells:

 Spells                   Type           Power      Damage    Failure   Level
 Sting                    Tmut/Pois      16%        1d3       19%         1
 Poisonous Vapours        Pois/Air       8%         N/A       26%         2
 Agony                    Necr           50%        N/A       34%         5
 Olgreb's Toxic Radiance  Pois           4%         N/A       87%         4


Dungeon Overview and Level Annotations

Branches:
Dungeon (3/15)

Altars:
Fedhas


Message History

The orc shouts!
The orc throws a boomerang.
The boomerang barely misses you.
An orc wizard comes into view. It is wielding a +0 dagger.
You feel a surge of power!
The orc writhes in agony.
You kill the orc!
The dead are walking!
The orc wizard gestures wildly while chanting.
The orc wizard flickers and vanishes!
Deactivating autopickup; reactivate with Ctrl-A.
Your orc skeleton hits the orc.
The orc hits your orc skeleton with a +0 club.
An orc priest comes into view. It is wielding a +0 whip.
The orc hits your orc skeleton with a +0 club.
Your orc skeleton completely misses the orc.
The orc priest begins to cast a cantrip, but forgets the words!
The orc hits your orc skeleton with a +0 club.
Your orc skeleton is destroyed!
You feel a surge of power!
The orc writhes in agony.
You feel a surge of power!
The orc writhes in agony!
You kill the orc!
The dead are walking!
You hear some strange, mumbled words.
A puff of flame appears from out of thin air!
The puff of flame hits you.
You feel a surge of power!
Something writhes in agony.
You feel a surge of power!
Something writhes in agony.
You hear some strange, mumbled words.
A magic dart appears from out of thin air!
The magic dart hits you! The orc closely misses you.
You feel a surge of power!
Something writhes in agony.
The orc hits you from afar with a +0 trident!
You hear some strange, mumbled words.
A magic dart appears from out of thin air!
The magic dart hits you!
* * * LOW HITPOINT WARNING * * *
Your orc skeleton closely misses something.
Okay, then.
Okay, then.
Something hits you.
You die...

# #. #.#########
###......##.#
....#.##.##.#
............#####
#..#...........#######
#. #....######@.......
###..#.#### #........
.....#.#### #Z#######
#.......# #o#
#.##.##.# #o#
###.##.##.# #.#
.......##.# #.#
###..####.# #..
#..####.# ##. #...


You could see an orc priest, an orc (ally target) and a friendly orc skeleton.

Vanquished Creatures
  Terence (D:2)
  3 adders (D:2)
  A worm (D:2)
  A dart slug (D:1)
  2 orcs (D:3)
  4 endoplasms
  2 giant cockroaches (D:1)
  2 goblins
  5 hobgoblins
  3 jackals (D:1)
  A quokka (D:1)
  6 ball pythons
  4 bats
  2 frilled lizards
  2 kobolds
  5 rats (D:1)
44 creatures vanquished.

Vanquished Creatures (collateral kills)
  A dart slug (D:2)
  A ball python (D:1)
2 creatures vanquished.

Grand Total: 46 creatures vanquished

Notes
Turn   | Place    | Note
-------+----------+-------------------------------------------
     0 | D:1      | cheesebisquit the Deep Elf Necromancer began the quest for
                  | the Orb.
     0 | D:1      | Reached XP level 1. HP: 10/10 MP: 6/6
   185 | D:1      | Reached skill level 5 in Necromancy
   313 | D:1      | Reached XP level 2. HP: 15/15 MP: 6/8
   919 | D:2      | Noticed Terence
   926 | D:2      | Killed Terence
   927 | D:2      | Reached skill level 6 in Necromancy
   927 | D:2      | Reached XP level 3. HP: 19/19 MP: 5/10
   944 | D:2      | Identified the +0 leather armour of Mairhor {rElec Regen+
                  | Stlth+}
   950 | D:2      | Learned a level 3 spell: Vampiric Draining
   995 | D:2      | Reached XP level 4. HP: 24/24 MP: 2/12
  1822 | D:3      | Found a blossoming altar of Fedhas.
  1954 | D:3      | Learned a level 4 spell: Animate Dead
  1997 | D:3      | Slain by an orc wizard

Illustrated notes

Levels and vault maps discovered:
D:1:      minmay_arrival_loop, layout_loops_ring, grunt_decor_fettered
D:2:      layout_loops_ring, uniq_terence
D:3:      layout_loops_ring, overflow_temple_1_default,
          dreamdust_ecumenical_altar_drowned_temple, uniq_crazy_yiuf_cottage

Skill      XL: |  1  2  3 |
---------------+----------+-----
Necromancy     | 5 6 |  6.5
Spellcasting   | 4 |  4.3
Staves         | |  0.1
Ranged Weapons | |  0.4
Dodging        | |  2.4
Stealth        | |  2.4

Action                     |  1- 3 |  4- 6 || total
---------------------------+-------+-------++-------
   Fire: Sling             |     2 |     8 ||    10
   Cast: Necrotise         |    41 |    35 ||    76
 Armour: Leather armour    |     1 |     2 ||     3
  Dodge: Dodged            |     5 |     5 ||    10

Table legend: (Time is in decaauts)
 A = Elapsed time spent in this place.
 B = Non-inter-level travel time spent in this place.
 C = Inter-level travel time spent in this place.
 D = Time resting spent in this place.
 E = Time spent auto-exploring this place.
 F = Levels seen in this place.
 G = Mean time per level.
                   A        B        C        D        E       F      G
               +--------+--------+--------+--------+--------+-----+--------+
         Total |   1997 |   1875 |    122 |      0 |   1582 |   3 |  665.7 |
       Dungeon |   1997 |   1875 |    122 |      0 |   1582 |   3 |  665.7 |
               +--------+--------+--------+--------+--------+-----+--------+

Top non-repeatable levels by time:
     D:2: 921 daAuts
     D:1: 903 daAuts
     D:3: 172 daAuts
